 Dungeon Crawl Stone Soup version 0.25.1-8-g42b30a86e7 (webtiles) character file.

Game seed: 4155945815199810546

20 Destapler the Skirmisher (level 2, -2/27 HPs)
             Began as a Hill Orc Fighter on Dec 21, 2020.
             Slain by an ogre
             ... wielding a cursed -2 giant club
              (8 damage)
             ... on level 1 of the Dungeon.
             The game lasted 00:05:00 (1454 turns).

Destapler the Skirmisher (Hill Orc Fighter)         Turns: 1454, Time: 00:05:00

Health: -2/27      AC:  6    Str: 17 (18) XL:     2   Next: 79%
Magic:  2/2        EV:  9    Int:  6 (8)  God:
Gold:   32         SH:  0    Dex:  9 (10) Spells: 1/1 levels left

rFire    . . .     SeeInvis .   b - +2 dagger (vamp)
rCold    . . .     Gourm    .   (no shield)
rNeg     . . .     Faith    .   k - +0 scale mail
rPois    .         Spirit   .   (no helmet)
rElec    .         Reflect  .   (no cloak)
rCorr    .         Harm     .   (no gloves)
MR       .....                  (no boots)
Stlth    ..........             (no amulet)
HPRegen  0.09/turn              (no ring)
MPRegen  0.08/turn              (no ring)

@: no status effects
A: no striking features
a: no special abilities


You were on level 1 of the Dungeon.
You were hungry.

You visited 1 branch of the dungeon, and saw 2 of its levels.

You collected 32 gold pieces.

Inventory:

Hand Weapons
 a - a +0 war axe
 b - a +2 vampiric dagger (weapon)
Missiles
 h - 9 poisoned darts (quivered)
 n - 57 stones
Armour
 c - a +0 kite shield
 k - a +0 scale mail (worn)
Jewellery
 l - an uncursed ring of magical power {unknown}
Scrolls
 e - a scroll of identify {unknown}
 g - a scroll of fog {unknown}
 j - 2 scrolls of immolation {unknown}
 m - a scroll of remove curse {unknown}
Potions
 d - a potion of might
 i - 2 potions of degeneration
Comestibles
 f - a ration


   Skills:
 + Level 3.9 Fighting
 + Level 0.4 Short Blades
 + Level 3.0 Axes
 + Level 0.5 Throwing
 + Level 3.5 Armour
 + Level 3.5 Shields


You had one spell level left.
You didn't know any spells.
Your spell library was empty.

Dungeon Overview and Level Annotations

Branches:
Dungeon (2/15)

Altars:


Message History

You are feeling hungry.
You hit the ogre.
The ogre is moderately wounded.
The ogre hits you with a cursed -2 giant club!
Ouch! That really hurt!
You hit the ogre.
The ogre is moderately wounded.
The ogre hits you with a cursed -2 giant club!
* * * LOW HITPOINT WARNING * * *
Things that are here:
a +0 dagger; a goblin skeleton
There is a stone staircase leading up here.
You climb upwards.
There is a stone staircase leading down here.
The ogre looks more healthy.
The ogre completely misses you.
It was a potion of degeneration.
There was something very wrong with that liquid.
You feel weakened.
You feel dopey.
You feel clumsy.
The ogre hits you with a cursed -2 giant club!
You die...

.#.#............##.........#..#>.
.#.#............###.####.........
.#.##....##....##....############
.#.###........###.#.##P♣#♣P#♣♣##♣
.#.# ###....### #.#.##♣PP...P##P#
.#.# ###### #.#.##PP.....P.PP
.#.# #.#.##P.......#.. .#.#
###########O#).))...§...#.. .#.#
#.........@.#..#P.......#.. .#.#
#...........####PP.....PPP. .#.#
#...........####♣PP.≈.PPPP. ##.#
#...........#..#♣P♣#♣♣#♣♣♣♣ ...#
#.###########..############ ####
#.........#.....(.........#
###############.#.#.............#
........# #.#.#...........#.#
....###.#### #.#.#..............


You could see an ogre.

Vanquished Creatures
  2 leopard geckos
  3 bats (D:1)
  A goblin (D:2)
  A hobgoblin (D:1)
  6 kobolds (D:1)
  A frilled lizard (D:1)
  3 rats (D:1)
  3 bushes (D:1)
  6 plants (D:1)
26 creatures vanquished.

Vanquished Creatures (others)
  A plant (D:1)
1 creature vanquished.

Grand Total: 27 creatures vanquished

Notes
Turn   | Place    | Note
-------+----------+-------------------------------------------
     0 | D:1      | Destapler the Hill Orc Fighter began the quest for the Orb.
     0 | D:1      | Reached XP level 1. HP: 19/19 MP: 1/1
   270 | D:1      | Reached XP level 2. HP: 26/27 MP: 2/2
  1413 | D:2      | Noticed an ogre
  1454 | D:1      | Slain by an ogre

Illustrated notes

Levels and vault maps discovered:
D:1:      minmay_arrival_loop, layout_basic, lexackson_kobold_supper
D:2:      layout_basic

Skill      XL: |  1  2 |
---------------+-------+-----
Axes           | 3 |  3.0
Fighting       | |  3.9
Short Blades   | |  0.4
Throwing       | |  0.5
Armour         | |  3.5
Shields        | |  3.5

Action                   || total
-------------------------++-------
Melee: War axe           ||   245
       Dagger            ||    58
Throw: Dart              ||     2
  Use: Potion            ||     1
  Eat: Chunk             ||     2
Armor: Scale mail        ||    34
Dodge: Dodged            ||    46
